 Dungeon Crawl Stone Soup version 0.30-a0-509-gd016549fea (webtiles) character file.

Game seed: 17801030545014432563

326 porpoise the Caller (level 6, -1/47 HPs)
             Began as a Barachi Summoner on Dec 23, 2022.
             Was an Initiate of Cheibriados.
             Slain by a gnoll
             ... wielding a +0 halberd
              (14 damage)
             ... on level 3 of the Dungeon.
             The game lasted 00:12:40 (2568 turns).

porpoise the Caller (Barachi Summoner)              Turns: 2568, Time: 00:12:41

Health: -1/47      AC:  3    Str: 11    XL:     6   Next: 49%
Magic:  12/12      EV: 12    Int: 18    God:    Cheibriados [......]
Gold:   59         SH:  0    Dex: 13    Spells: 8/14 levels left

rFire   . . .      SeeInvis +    a - +1 whip (venom)
rCold   . . .      Faith    .    (no shield)
rNeg    . . .      Spirit   .    c - +0 robe
rPois   .          Reflect  .    (no helmet)
rElec   .          Harm     .    u - +0 cloak
rCorr   .          Rampage  .    (no gloves)
Will    .....                    (no boots)
Stlth   ++........               g - amulet of the acrobat
HPRegen 0.27/turn                t - ring of see invisible
MPRegen 0.13/turn                (no ring)

@: very slow
A: amphibious, slowness 1, strong legs 1, +LOS
a: Hop, Renounce Religion


You were on level 3 of the Dungeon.
You worshipped Cheibriados.
Cheibriados was noncommittal.
You visited 2 branches of the dungeon, and saw 5 of its levels.

You collected 110 gold pieces.
You spent 51 gold pieces at shops.

Inventory:

Hand Weapons
 a - a +1 whip of venom (weapon)
 b - a +0 vorpal sling
Missiles
 s - 4 poisoned darts
 v - a throwing net
Armour
 c - a +0 robe (worn)
 u - a +0 cloak (worn)
Jewellery
 g - an amulet of the acrobat (around neck)
 t - a ring of see invisible (left hand)
Scrolls
 h - 2 scrolls of teleportation {unknown}
 i - a scroll of enchant armour {unknown}
 k - a scroll of immolation {unknown}
 n - a scroll of brand weapon
 p - a scroll of magic mapping {unknown}
 r - a scroll of amnesia {unknown}
Potions
 d - 2 potions of heal wounds {unknown}
 e - 2 potions of curing
 f - a potion of degeneration {unknown}
 j - 2 potions of lignification
 l - 2 potions of brilliance {unknown}
 m - 2 potions of mutation
 o - a potion of haste {unknown}
 q - a potion of magic


   Skills:
 + Level 3.1 Fighting
 - Level 2.1 Dodging
 - Level 1.7 Stealth
 * Level 4.6 Spellcasting
 * Level 6.8 Summonings


You had 8 spell levels left.
You knew the following spells:

 Your Spells              Type           Power      Damage    Failure   Level
a - Summon Small Mammal   Summ           100%       N/A       1%          1
b - Call Imp              Summ           28%        N/A       1%          2
c - Call Canine Familiar  Summ           28%        N/A       2%          3

Your spell library contained the following spells:

 Spells                   Type           Power      Damage    Failure   Level
 Summon Guardian Golem    Hex/Summ       16%        N/A       11%         3
 Sting                    Tmut/Pois      16%        1d3       14%         1
 Poisonous Vapours        Pois/Air       8%         N/A       22%         2
 Summon Lightning Spire   Summ/Air       16%        N/A       34%         4
 Olgreb's Toxic Radiance  Pois           4%         N/A       80%         4


Dungeon Overview and Level Annotations

Branches:
Dungeon (4/15)             Temple (1/1) D:4

Altars:
Ashenzari
Cheibriados
Dithmenos
Elyvilon
Fedhas
Hepliaklqana
Kikubaaqudgha
Nemelex Xobeh
Okawaru
Sif Muna
Trog
Uskayaw
Vehumet
Wu Jian
The Shining One

Shops:
D:1 =   D:2 *


Innate Abilities, Weirdness & Mutations

You are amphibious.
You cover ground slowly.
You can hop short distances.
You have an extended range of vision and can be seen from far away.


Message History

You closely miss the gnoll.
The gnoll is almost dead.
You feel very sick. The gnoll completely misses you.
The gnoll barely misses you.
You hit the gnoll.
You kill the gnoll!
Cheibriados appreciates the change of pace.
You feel sick. The gnoll misses you.
You hit the gnoll.
The gnoll is poisoned.
The gnoll is lightly wounded.
You feel sick.
The gnoll hits you with a +1 whip of venom.
You are more poisoned.
You hit the gnoll.
The gnoll looks as sick as possible!
The gnoll is moderately wounded.
You feel sick.
The gnoll hits you with a +1 whip of venom!
You are lethally poisoned!
You feel better. The gnoll misses you.
You hit the gnoll.
You kill the gnoll!
Cheibriados appreciates the change of pace.
You start resting.
A gnoll comes into view. It is wielding a +0 halberd.
The gnoll closely misses you. x2
You barely miss the gnoll. The gnoll hits you with a +0 halberd.
You hit the gnoll.
The gnoll is poisoned.
The gnoll is lightly wounded.
The gnoll closely misses you.
You closely miss the gnoll.
The gnoll is moderately wounded.
The gnoll misses you.
You barely miss the gnoll.
The gnoll is heavily wounded.
The gnoll hits you with a +0 halberd!
* * * LOW HITPOINT WARNING * * *
You hit the gnoll but do no damage.
The gnoll looks as sick as possible!
The gnoll is heavily wounded.
The gnoll hits you with a +0 halberd!
You die...

### #........). #..
........... ...
###.######. #.# #.#
#. ... #.# #.
#.######.###)# #.# #.
...........g<#
#.######.
#)###########........
#))g@................
####################.
##


You could see a gnoll (extremely poisoned).

Vanquished Creatures
  An orc priest (D:3)
  3 gnolls
  2 adders
  A worm (D:2)
  A dart slug (D:2)
  An orc (D:3)
  4 endoplasms
  2 giant cockroaches
  8 goblins
  6 hobgoblins
  A jackal (D:4)
  3 kobolds (D:2)
  4 quokkas
  3 ball pythons
  2 bats
  4 frilled lizards
  5 rats
51 creatures vanquished.

Vanquished Creatures (collateral kills)
  Sigmund (D:2)
  A worm (D:4)
  2 orcs (D:3)
  2 endoplasms
  2 giant cockroaches
  A goblin (D:2)
  A hobgoblin (D:4)
  2 jackals (D:4)
  4 ball pythons
  A bat (D:1)
  2 frilled lizards (D:1)
  2 kobolds
21 creatures vanquished.

Grand Total: 72 creatures vanquished

Notes
Turn   | Place    | Note
-------+----------+-------------------------------------------
     0 | D:1      | porpoise the Barachi Summoner began the quest for the Orb.
     0 | D:1      | Reached XP level 1. HP: 13/13 MP: 3/3
   203 | D:1      | Found Avesch's One-of-a-Kind Rings.
   241 | D:1      | Reached skill level 5 in Summonings
   293 | D:1      | Reached XP level 2. HP: 20/20 MP: 3/5
   696 | D:1      | Reached skill level 1 in Fighting
   888 | D:2      | Found Cegyfut's Assorted Antiques.
   891 | D:2      | Bought a viscous blue potion for 24 gold pieces
   891 | D:2      | Bought a scroll labelled NUD EV YFO for 27 gold pieces
   955 | D:2      | Reached XP level 3. HP: 16/26 MP: 7/7
  1000 | D:2      | Learned a level 2 spell: Call Imp
  1004 | D:2      | Learned a level 3 spell: Call Canine Familiar
  1227 | D:2      | Noticed Sigmund
  1432 | D:2      | Killed Sigmund
  1433 | D:2      | Reached skill level 6 in Summonings
  1433 | D:2      | Reached XP level 4. HP: 34/34 MP: 1/10
  1433 | D:2      | Reached XP level 5. HP: 39/39 MP: 1/11
  1754 | D:2      | Reached XP level 6. HP: 40/46 MP: 12/12
  1792 | D:2      | Found a hide-covered altar of Uskayaw.
  2106 | D:3      | You fall into a shaft and drop 1 floor!
  2257 | D:4      | Found a staircase to the Ecumenical Temple.
  2275 | Temple   | Entered the Ecumenical Temple
  2280 | Temple   | Became a worshipper of Cheibriados the Contemplative
  2568 | D:3      | Slain by a gnoll

Illustrated notes

Levels and vault maps discovered:
D:1:      minmay_arrival_arboretum_small, layout_basic, hex_medium,
          nicolae_shop_unique_rings, hangedman_decor_points
D:2:      layout_loops_ring, serial_shops, shop, basic_altar,
          grunt_ministairs_9, minmay_between, uniq_sigmund
D:3:      layout_basic, hellmonk_ecumenical_altar_leap_of_faith
D:4:      layout_cave_pools, minitemple, minmay_temple_entry_junction,
          gammafunk_ghost_cemetery
Temple:   minmay_freezing_vapour_temple

Skill      XL: |  1  2  3  4  5  6 |
---------------+-------------------+-----
Summonings     | 5 6 |  6.8
Fighting       | 1 2 3 |  3.1
Spellcasting   | 4 |  4.6
Dodging        | |  2.1
Stealth        | |  1.7

Action                   |  1- 3 |  4- 6 || total
-------------------------+-------+-------++-------
Melee: Dagger            |    17 |       ||    17
       Short sword       |    21 |       ||    21
       Whip              |    52 |    87 ||   139
       Punch             |     1 |       ||     1
 Cast: Summon Small Mamm |    23 |     9 ||    32
       Call Canine Famil |     2 |     2 ||     4
       Call Imp          |     2 |     1 ||     3
  Use: Scroll            |       |     4 ||     4
       Potion            |       |     1 ||     1
 Stab: Sleeping          |     2 |     1 ||     3
       Distracted        |     1 |       ||     1
Armor: Robe              |    16 |     7 ||    23
Dodge: Dodged            |    79 |    54 ||   133

Table legend: (Time is in decaauts)
 A = Elapsed time spent in this place.
 B = Non-inter-level travel time spent in this place.
 C = Inter-level travel time spent in this place.
 D = Time resting spent in this place.
 E = Time spent auto-exploring this place.
 F = Levels seen in this place.
 G = Mean time per level.
                   A        B        C        D        E       F      G
               +--------+--------+--------+--------+--------+-----+--------+
         Total |   2940 |   2813 |    127 |    473 |   1479 |   5 |  588.0 |
       Dungeon |   2926 |   2799 |    127 |    473 |   1479 |   4 |  731.5 |
        Temple |     13 |     13 |      0 |      0 |      0 |   1 |   13.0 |
               +--------+--------+--------+--------+--------+-----+--------+

Top non-repeatable levels by time:
     D:2: 1224 daAuts
     D:1: 1051 daAuts
     D:3: 408 daAuts
     D:4: 242 daAuts
  Temple: 13 daAuts
